 Dungeon Crawl Stone Soup version 0.26-a0-652-gafc20e3620 (webtiles) character file.

Game seed: 9843759289940270428

227 Decritt the Conjurer (level 5, -2/42 HPs)
             Began as a Deep Elf Conjurer on Oct 2, 2020.
             Killed from afar by an orc wizard (6 damage)
             ... with a puff of flame
             ... on level 3 of the Dungeon.
             The game lasted 00:15:11 (3738 turns).

Decritt the Conjurer (Deep Elf Conjurer)            Turns: 3738, Time: 00:15:12

Health: -2/42      AC: 22    Str:  4 (5)  XL:     5   Next: 70%
Magic:  1/11       EV:  2    Int: 22 (23) God:
Gold:   76         SH:  0    Dex: 16 (19) Spells: 7/10 levels left

rFire    . . .     SeeInvis .   (no weapon)
rCold    . . .     Faith    .   (no shield)
rNeg     + + +     Spirit   .   (armour currently unavailable)
rPois    +         Reflect  .   (helmet currently unavailable)
rElec    .         Harm     .   (cloak currently unavailable)
rCorr    .         Rampage  .   (gloves currently unavailable)
MR       .....     NoTele   +   (boots currently unavailable)
Stlth    ++........             (no amulet)
HPRegen  0.14/turn              o - +4 ring of slaying
MPRegen  0.12/turn              s - +6 ring of dexterity

@: brilliant, tree-form
A: no striking features
a: no special abilities


You were on level 3 of the Dungeon.
You were a tree.
You visited 1 branch of the dungeon, and saw 3 of its levels.

You collected 76 gold pieces.

Inventory:

Armour
 g - a +0 pair of boots (melded)
 u - a +2 robe of resistance (melded)
Jewellery
 o - a +4 ring of slaying (left branch)
 s - a +6 ring of dexterity (right branch)
Wands
 m - a wand of polymorph (7)
Scrolls
 a - a scroll of blinking {unknown}
 c - 4 scrolls of remove curse
 e - 4 scrolls of amnesia {unknown}
 f - a scroll of enchant armour {unknown}
 h - 2 scrolls of teleportation {unknown}
 k - 3 scrolls of noise {unknown}
 l - a scroll of fear {unknown}
 n - a scroll of magic mapping {unknown}
Potions
 b - a potion of stabbing {unknown}
 d - 4 potions of lignification
 j - a potion of flight
 p - a potion of curing {unknown}
 q - a potion of resistance {unknown}
 r - a potion of invisibility {unknown}
 t - a potion of brilliance


   Skills:
 + Level 4.4 Dodging
 - Level 2.4 Stealth
 + Level 3.1 Spellcasting
 * Level 6.8 Conjurations


You had 7 spell levels left.
You knew the following spells:

 Your Spells              Type           Power        Failure   Level
a - Magic Dart            Conj           ####         1%          1
b - Searing Ray           Conj           ######       1%          2

Your spell library contained the following spells:

 Spells                   Type           Power        Failure   Level
 Dazzling Flash           Conj/Hex       ####..       9%          3
 Beastly Appendage        Tmut           #.....       12%         1
 Wereblood                Tmut           #.......     19%         2
 Fulminant Prism          Conj/Hex       ####......   30%         4
 Iskenderun's Mystic Bla  Conj/Tloc      ####....     30%         4
 Spider Form              Tmut/Pois      #.........   36%         3
 Ice Form                 Ice/Tmut       #.......     77%         4
 Blade Hands              Tmut           #.........   98%         5


Dungeon Overview and Level Annotations

Branches:
Dungeon (3/15)

Altars:
Ashenzari
Qazlal


Message History

You feel very buoyant.
You fly up into the air.
Something barely misses you.
It was a potion of lignification.
You turn into a tree.
Your +0 pair of boots melds into your body.
Your +2 robe of resistance melds into your body.
You feel hot and cold all over.
Your roots penetrate the ground.
Something hits you but does no damage.
It was a potion of degeneration.
There was something very wrong with that liquid.
You feel weakened.
You feel dopey.
You feel clumsy. Something hits you but does no damage.
You hear some strange, mumbled words.
A puff of frost appears from out of thin air!
The puff of frost hits you but does no damage.
It was a potion of brilliance.
You feel clever all of a sudden.
You hear some strange, mumbled words.
A puff of flame appears from out of thin air!
The puff of flame hits you.
You die...

.................#...............
##...#######.....###.......>.....
##### #.#.......##.######.## #
#.#..#######.# ####.## #
#.#..#######.##≈≈.≈..^ #
#.............^###≈..# #
######..##.#####.≈##.^.^# #
#)).....##.# #..##≈..≈. #
#.####.{♣(.# #.≈..≈(..≈ # #)
####### #.§§.)._.. # #.
##§≈^.≈... #. #(§^≈^§§^ #.
#.##^§.§# .. #^.##^.§. ##
##.^.≈..^ #####... ####


There were no monsters in sight!

Vanquished Creatures
  An orc priest (D:2)
  2 orc wizards
  Jessica (D:2)
  A worker ant (D:3)
  An adder (D:2)
  3 worms
  2 dart slugs
  4 leopard geckos (D:3)
  6 orcs
  4 giant cockroaches
  9 goblins
  7 hobgoblins
  2 quokkas (D:2)
  9 bats
  6 kobolds
  6 rats
64 creatures vanquished.

Notes
Turn   | Place    | Note
-------+----------+-------------------------------------------
     0 | D:1      | Decritt the Deep Elf Conjurer began the quest for the Orb.
     0 | D:1      | Reached XP level 1. HP: 10/10 MP: 6/6
   553 | D:1      | Reached XP level 2. HP: 15/15 MP: 5/8
  1081 | D:2      | Reached XP level 3. HP: 19/19 MP: 5/9
  1115 | D:2      | Reached skill level 5 in Conjurations
  2051 | D:2      | Noticed Jessica
  2054 | D:2      | Killed Jessica
  2054 | D:2      | Reached XP level 4. HP: 24/24 MP: 6/10
  2654 | D:2      | Learned a level 2 spell: Searing Ray
  2667 | D:2      | Reached skill level 6 in Conjurations
  2870 | D:2      | Reached XP level 5. HP: 8/28 MP: 0/11
  3162 | D:3      | Found a broken altar of Ashenzari.
  3366 | D:3      | Found a stormy altar of Qazlal.
  3738 | D:3      | Killed from afar by an orc wizard

Illustrated notes

Levels and vault maps discovered:
D:1:      dpeg_arrival_morbid_curiosity, layout_loops_ring
D:2:      minmay_inner_zag, layout_basic, uniq_jessica
D:3:      layout_loops_ring, evilmike_ruin_ashenzari, grunt_qazlal_sundering,
          gup_sewer_entry_bubbles

Skill      XL: |  1  2  3  4  5 |
---------------+----------------+-----
Dodging        | 3 4 |  4.4
Conjurations   | 5 6 |  6.8
Stealth        | |  2.4
Spellcasting   | |  3.1

Action                   |  1- 3 |  4- 6 || total
-------------------------+-------+-------++-------
Melee: Unarmed           |     1 |       ||     1
 Cast: Magic Dart        |    78 |    56 ||   134
       Searing Ray       |       |    13 ||    13
  Use: Potion            |       |     4 ||     4
       Scroll            |       |     1 ||     1
Armor: Robe              |       |     6 ||     6
       Skin              |       |     2 ||     2
Dodge: Dodged            |    17 |    21 ||    38

Table legend: (Time is in decaauts)
 A = Elapsed time spent in this place.
 B = Non-inter-level travel time spent in this place.
 C = Inter-level travel time spent in this place.
 D = Time resting spent in this place.
 E = Time spent auto-exploring this place.
 F = Levels seen in this place.
 G = Mean time per level.
                   A        B        C        D        E       F      G
               +--------+--------+--------+--------+--------+-----+--------+
         Total |   3777 |   3748 |     29 |    613 |   2660 |   3 | 1259.0 |
       Dungeon |   3777 |   3748 |     29 |    613 |   2660 |   3 | 1259.0 |
               +--------+--------+--------+--------+--------+-----+--------+

Top non-repeatable levels by time:
     D:2: 1776 daAuts
     D:3: 1012 daAuts
     D:1: 989 daAuts
